 Dungeon Crawl Stone Soup version 0.27-a0-1579-g97d2440184 (webtiles) character file.

Game seed: 15598814865992069050

80 mandarbmax the Insei (level 4, -11/28 HPs)
             Began as an Octopode Transmuter on July 18, 2021.
             Killed by divine providence
             ... invoked by an orc priest
              (13 damage)
             ... on level 3 of the Dungeon.
             The game lasted 00:02:44 (2365 turns).

mandarbmax the Insei (Octopode Transmuter)          Turns: 2365, Time: 00:02:44

Health: -11/28     AC:  1    Str:  9    XL:     4   Next: 39%
Magic:  5/7        EV: 10    Int: 16    God:
Gold:   126        SH:  8    Dex: 12    Spells: 4/7 levels left

rFire    . . .     SeeInvis .     - Unarmed
rCold    . . .     Faith    .   b - +1 kite shield
rNeg     . . .     Spirit   .   (helmet currently unavailable)
rPois    .         Reflect  .   (no amulet)
rElec    .         Harm     .   (no ring)
rCorr    .         Rampage  .   (no ring)
Will     .....                  (no ring)
Stlth    ++........             (no ring)
HPRegen  0.09/turn              (no ring)
MPRegen  0.10/turn              (no ring)
                                (no ring)
                                (no ring)

@: appendages (expiring), very slightly contaminated
A: tentacle spike 3, almost no armour, amphibious, 8 rings, camouflage 1,
gelatinous body 1, (nimble swimmer 1), tentacles
a: End Transformation


You were on level 3 of the Dungeon.
One of your tentacles had grown a beastly spike.
You visited 1 branch of the dungeon, and saw 3 of its levels.

You collected 126 gold pieces.

Inventory:

Armour
 b - a +1 kite shield (worn)
Scrolls
 d - 2 scrolls of teleportation {unknown}
Potions
 c - a potion of flight


   Skills:
 - Level 1.0 Fighting
 - Level 2.0 Dodging
 + Level 1.7 Shields
 * Level 4.6 Unarmed Combat
 - Level 2.0 Spellcasting
 - Level 2.0 Transmutations


You had 4 spell levels left.
You knew the following spells:

 Your Spells              Type           Power      Damage    Failure   Level
a - Beastly Appendage     Tmut           16%        N/A       45%         1
b - Wereblood             Tmut           8%         N/A       58%         2

Your spell library contained the following spells:

 Spells                   Type           Power      Damage    Failure   Level
 Sting                    Tmut/Pois      16%        1d3       58%         1
 Animate Skeleton         Necr           2%         N/A       75%         1
 Apportation              Tloc           2%         N/A       75%         1
 Corona                   Hex            1%         N/A       75%         1
 Summon Small Mammal      Summ           4%         N/A       75%         1
 Spider Form              Tmut/Pois      2%         N/A       92%         3
 Ignite Poison            Fire/Tmut/Pois 3%         N/A       95%         3
 Mephitic Cloud           Conj/Pois/Air  1%         N/A       98%         3
 Ice Form                 Ice/Tmut       4%         N/A       100%        4
 Bolt of Magma            Conj/Fire/Erth 0%         4d4       100%        5
 Conjure Ball Lightning   Conj/Air       0%         3x3d6     100%        6
 Discord                  Hex            0%         N/A       100%        8
 Disjunction              Tloc           0%         N/A       100%        8


Dungeon Overview and Level Annotations

Branches:
Dungeon (3/15)

Altars:


Innate Abilities, Weirdness & Mutations

One of your tentacles has grown a beastly spike.
You cannot wear most types of armour.
You are amphibious.
You can wear up to eight rings at the same time.
Your skin changes colour to match your surroundings (Stealth+).
Your rubbery body absorbs attacks. (AC +1, EV +1)
((You are camouflaged near water. (Stealth+)))
You have tentacles for arms and can constrict up to eight enemies at once.


Message History

There is a stone staircase leading up here.
The gnoll hits you from afar with a +0 spear.
You climb upwards.
There is a stone staircase leading down here.
You start resting.
Magic restored.
You start resting.
HP restored.
There is a stone staircase leading down here.
You climb downwards.
The orc priest shouts!
You hear a shout! x3
There is a stone staircase leading up here.
You miscast Beastly Appendage.
You are very lightly contaminated with residual magic.
Nothing appears to happen.
The orc priest shouts!
An orc comes into view. It is wielding a +0 club.
The orc shouts!
An orc comes into view. It is wielding a +0 hand axe.
You closely miss the orc priest. Your grab misses the orc priest.
Your squeeze misses the orc priest. You block the orc priest's attack.
One of your tentacles grows a vicious spike.
The orc priest misses you.
The orc priest invokes the aid of Beogh against you.
Beogh smites you!
Ouch! That really hurt!
You tentacle-slap the orc priest. Your grab misses the orc priest.
You pierce the orc priest.
The orc priest is almost dead.
The orc priest closely misses you.
An orc comes into view. It is wielding a +0 falchion.
The orc priest invokes the aid of Beogh against you.
Beogh smites you!
* * * LOW HITPOINT WARNING * * *
Okay, then.
There is a stone staircase leading up here.
Your transformation is almost over.
The orc priest invokes the aid of Beogh against you.
Beogh smites you!
You die... ### #oo

#o# #o# #o#
...###.###
........@.#
....#####.#
.# ... #.##
.# .# #


You could see 2 orc priests and 2 orcs.

Vanquished Creatures
  3 adders (D:2)
  2 worms (D:2)
  5 orcs (D:3)
  4 ball pythons
  2 bats (D:1)
  5 endoplasms
  A giant cockroach (D:2)
  4 hobgoblins
  2 quokkas (D:1)
  4 frilled lizards (D:1)
  4 goblins
  4 rats
40 creatures vanquished.

Notes
Turn   | Place    | Note
-------+----------+-------------------------------------------
     0 | D:1      | mandarbmax the Octopode Transmuter began the quest for the
                  | Orb.
     0 | D:1      | Reached XP level 1. HP: 13/13 MP: 3/3
   261 | D:1      | Found a faded altar of an unknown god.
   272 | D:1      | Reached XP level 2. HP: 16/18 MP: 3/5
   283 | D:1      | Got Plato's Almanac of Transmutation
   847 | D:1      | Learned a level 2 spell: Wereblood
  1007 | D:2      | Reached XP level 3. HP: 20/23 MP: 3/6
  1096 | D:2      | Reached skill level 4 in Unarmed Combat
  1263 | D:2      | Reached skill level 1 in Shields
  1672 | D:2      | Reached XP level 4. HP: 12/28 MP: 4/7
  2365 | D:3      | Killed from afar by an orc priest

Illustrated notes

Levels and vault maps discovered:
D:1:      nicolae_arrival_memento_mori, layout_rooms,
          shapermc_ecumenical_altar_rom_forum, minmay_misc_feat_iff,
          chequers_serial_rivers_small_a
D:2:      layout_rooms
D:3:      layout_loops_ring, lemuel_tele_altar,
          lemuel_zombie_altar_kikubaaqudgha, hangedman_decor_opposing,
          uniq_natasha, uniq_grinder

Skill      XL: |  1  2  3 |
---------------+----------+-----
Unarmed Combat | 4 |  4.6
Shields        | 1 |  1.7
Fighting       | |  1.0
Dodging        | |  2.0
Spellcasting   | |  2.0
Transmutations | |  2.0

Action                   |  1- 3 |  4- 6 || total
-------------------------+-------+-------++-------
Melee: Unarmed           |    57 |    21 ||    78
       Constrict         |    15 |     6 ||    21
       Kick              |    15 |     9 ||    24
       Tentacles         |     9 |     3 ||    12
       Punch             |     1 |     1 ||     2
 Cast: Beastly Appendage |    22 |     5 ||    27
       Wereblood         |       |     1 ||     1
  Use: Scroll            |       |     3 ||     3
 Stab: Held in net/web   |     1 |       ||     1
       Sleeping          |     1 |       ||     1
Armor: Skin              |     7 |       ||     7
Dodge: Dodged            |    15 |     6 ||    21
Block: Kite shield       |    15 |     6 ||    21

Table legend: (Time is in decaauts)
 A = Elapsed time spent in this place.
 B = Non-inter-level travel time spent in this place.
 C = Inter-level travel time spent in this place.
 D = Time resting spent in this place.
 E = Time spent auto-exploring this place.
 F = Levels seen in this place.
 G = Mean time per level.
                   A        B        C        D        E       F      G
               +--------+--------+--------+--------+--------+-----+--------+
         Total |   2378 |   2322 |     56 |    587 |   1438 |   3 |  792.7 |
       Dungeon |   2378 |   2322 |     56 |    587 |   1438 |   3 |  792.7 |
               +--------+--------+--------+--------+--------+-----+--------+

Top non-repeatable levels by time:
     D:2: 1271 daAuts
     D:1: 1003 daAuts
     D:3: 103 daAuts
